[Event "Titled Tuesday Blitz March 01 Late 2022"]
[White "Kovanova, Baira"]
[Black "Hoffmann, Asa"]
[WhiteFideId "4164083"]
[BlackFideId "2001470"]
[WhiteElo "2190"]
[BlackElo "2117"]
[Result "0-1"]
[Round "03"]
[TimeControl "180+1"]
[Date "2022.03.02"]
[WhiteClock "0:00:04"]
[BlackClock "0:00:10"]

1. e4 d6 2. d4 Nf6 3. Bd3 e5 4. Nf3 Nc6 5. c3 Bg4 6. d5 Ne7 7. h3 Bd7 8. Nbd2 Ng6 9. Nf1 Be7 10. Ng3 Nf4 11. Bxf4 exf4 12. Ne2 Nh5 13. Qd2 g5 14. Ned4 Ng7 15. O-O-O Bf6 16. h4 g4 17. Ng5 Bxg5 18. hxg5 Qxg5 19. g3 O-O-O 20. gxf4 Qf6 21. Ne2 h5 22. Qe3 Kb8 23. e5 dxe5 24. fxe5 Qh6 25. Nf4 Bf5 26. Kb1 Rhe8 27. Ka1 h4 28. c4 Qg5 29. Qd4 Bxd3 30. Nxd3 Nf5 31. Qc3 g3 32. fxg3 hxg3 33. Nc5 b6 34. Na6+ Kb7 35. Nb4 Qe3 36. Qc2 Rxe5 37. Nc6 Rde8 38. Qa4 a5 39. Qb5 Kc8 40. Nxe5 Qxe5 41. Qc6 g2 42. Rhg1 Ne3 43. Rde1 Qe4 44. a3 Nc2+ 45. Ka2 Nxe1 46. Qa8+ Kd7 47. Qc6+ Kd8 48. Qa8+ Ke7 49. Qc6 Nd3 50. Qxc7+ Kf8 51. Qxb6 Qxc4+ 52. Ka1 Qc2 53. Qh6+ Ke7 54. Qe3+ Kd7 55. Qa7+ Kd6 56. Qb6+ Kxd5 57. Qxa5+ Nc5 58. Qb5 Re2 59. Qb8 Nb3+ 60. Ka2 Qxb2# 0-1


[Site "https://www.chess.com"]

[Event "Titled Tuesday Blitz March 01 Late 2022"]
[White "Kulon, Klaudia"]
[Black "Muradli, Mahammad"]
[WhiteFideId "1131044"]
[BlackFideId "13409301"]
[WhiteElo "2281"]
[BlackElo "2645"]
[Result "0-1"]
[Round "03"]
[TimeControl "180+1"]
[Date "2022.03.01"]
[WhiteClock "0:01:23"]
[BlackClock "0:02:17"]

1. c4 g6 2. Nc3 Bg7 3. g3 c5 4. Bg2 Nc6 5. e3 b6 6. Nge2 Bb7 7. d4 Nf6 8. d5 Na5 9. b3 e6 10. Rb1 exd5 11. cxd5 O-O 12. O-O d6 13. e4 Re8 14. f4 a6 15. h3 b5 16. Qc2 b4 17. Nd1 Qe7 18. Nf2 Nxd5 19. exd5 Qxe2 20. Qxe2 Rxe2 21. a3 Bd4 22. axb4 cxb4 23. Bf3 Rc2 24. Be4 Ra2 25. Kg2 Re8 26. Bf3 Rc8 27. Be4 f5 28. Bd3 Bxd5+ 29. Kg1 Nxb3 0-1


[Site "https://www.chess.com"]

[Event "Titled Tuesday Blitz March 01 Late 2022"]
[White "Ladan, Nicholas"]
[Black "Gerbelli Neto, Eduardo"]
[WhiteFideId "30918855"]
[BlackFideId "2103281"]
[WhiteElo "2362"]
[BlackElo "2178"]
[Result "1-0"]
[Round "03"]
[TimeControl "180+1"]
[Date "2022.03.02"]
[WhiteClock "0:01:53"]
[BlackClock "0:01:29"]

1. d4 d5 2. Bf4 Nf6 3. e3 Bf5 4. c4 Bxb1 5. Rxb1 e6 6. c5 Nc6 7. Nf3 Be7 8. Bb5 O-O 9. Bxc6 bxc6 10. Ne5 Qe8 11. Qa4 Nd7 12. Qxc6 Nxe5 13. Qxe8 Nd3+ 14. Kd2 Rfxe8 15. Kxd3 c6 16. b4 f6 17. Rhc1 g5 18. Bd6 a6 19. a4 Bd8 20. b5 axb5 21. axb5 cxb5 22. Rxb5 Ra2 23. Rc2 Ra1 24. c6 1-0


[Site "https://www.chess.com"]

[Event "Titled Tuesday Blitz March 01 Late 2022"]
[White "Landaw, Julian"]
[Black "Paravyan, David"]
[WhiteFideId "2023342"]
[BlackFideId "4194985"]
[WhiteElo "2312"]
[BlackElo "2569"]
[Result "1-0"]
[Round "03"]
[TimeControl "180+1"]
[Date "2022.03.01"]
[WhiteClock "0:00:56"]
[BlackClock "0:01:46"]

1. e4 e5 2. Nf3 Nc6 3. Bb5 f5 4. d4 fxe4 5. Bxc6 dxc6 6. Nxe5 Nf6 7. Bg5 Be7 8. Nc3 O-O 9. Qd2 c5 10. O-O-O cxd4 11. Qxd4 Qxd4 12. Rxd4 Bc5 13. Rd2 Bf5 14. Re1 Rae8 15. Bxf6 Rxf6 16. Nd7 Bxd7 17. Rxd7 Bxf2 18. Rxe4 Rxe4 19. Nxe4 Rf7 20. Rd8+ Rf8 21. Rxf8+ Kxf8 22. Nxf2 Ke7 23. Kd2 Kd6 24. Ke3 Kd5 25. Nd3 a5 26. Kf4 Kd4 27. Ne5 a4 28. c3+ Kd5 29. Nf3 Kc4 30. Ke4 a3 31. Ne5+ Kb5 32. b3 c6 33. Nd7 h5 34. h4 c5 35. Kd5 b6 36. Nf8 c4 37. bxc4+ Ka4 38. Ne6 g6 39. Nf4 g5 40. hxg5 h4 41. g6 b5 42. cxb5 1-0


[Site "https://www.chess.com"]

[Event "Titled Tuesday Blitz March 01 Late 2022"]
[White "Leenhouts, Koen"]
[Black "Papasimakopoulos, Alexandros"]
[WhiteFideId "1008439"]
[BlackFideId "4244125"]
[WhiteElo "2409"]
[BlackElo "2340"]
[Result "0-1"]
[Round "03"]
[TimeControl "180+1"]
[Date "2022.03.02"]
[WhiteClock "0:01:09"]
[BlackClock "0:02:30"]

1. d4 e6 2. c4 Nf6 3. g3 Bb4+ 4. Bd2 Be7 5. Bg2 d5 6. Nf3 O-O 7. O-O c6 8. Qc2 Ne4 9. Nc3 f5 10. Rad1 Nd7 11. a3 g5 12. b4 g4 13. Ne5 Nxe5 14. dxe5 Nxd2 15. Rxd2 Bg5 16. e3 Bd7 17. cxd5 cxd5 18. Nxd5 exd5 19. Bxd5+ Kh8 20. Bxb7 Rb8 21. Bc6 Rc8 22. b5 Qe7 23. Qc3 Bxc6 24. bxc6 Rfe8 25. Rd5 Qe6 26. Rc1 Qxd5 0-1


[Site "https://www.chess.com"]

[Event "Titled Tuesday Blitz March 01 Late 2022"]
[White "Lopez Del Alamo, Antonio"]
[Black "Buscar, Michael"]
[WhiteFideId "2227339"]
[BlackFideId "2603616"]
[WhiteElo "2082"]
[BlackElo "2010"]
[Result "0-1"]
[Round "03"]
[TimeControl "180+1"]
[Date "2022.03.02"]
[WhiteClock "0:00:09"]
[BlackClock "0:00:05"]

1. e4 c5 2. Nf3 Nc6 3. Nc3 Nf6 4. e5 Ng4 5. Qe2 d6 6. exd6 Qxd6 7. h3 Nge5 8. Nxe5 Qxe5 9. d3 Bd7 10. Be3 Nd4 11. Bxd4 Qxd4 12. O-O-O g6 13. Re1 b5 14. Kb1 b4 15. Nd1 Be6 16. g4 Bg7 17. Bg2 Rc8 18. Qe3 O-O 19. Qxd4 Bxd4 20. f4 c4 21. dxc4 Rxc4 22. Rhf1 Rc5 23. Ne3 Rfc8 24. f5 Bd7 25. Be4 Bb5 26. Rf3 a5 27. Nd5 Kf8 28. fxg6 hxg6 29. Bxg6 Rxd5 30. Bxf7 Rdc5 31. Be6+ Kg7 32. Bxc8 Rxc8 33. Rxe7+ Kg6 34. h4 Re8 35. Rxe8 Bxe8 36. Rd3 Be5 37. Re3 Kf6 38. g5+ Kf5 39. h5 Bxh5 40. g6 Bxg6 41. Re1 Ke6 42. Re3 Kd5 43. a3 bxa3 44. Rxa3 Bc7 45. Rd3+ Bxd3 46. cxd3 Kd4 47. Kc2 Bd6 48. Kd2 Bb4+ 49. Kc2 Ke3 50. Kb3 Kxd3 51. Ka4 Kc2 52. b3 Kc3 53. Kb5 Kxb3 0-1


[Site "https://www.chess.com"]

[Event "Titled Tuesday Blitz March 01 Late 2022"]
[White "Lopez Gracia, Fernando"]
[Black "Dong, Bao Nghia"]
[WhiteFideId "2207184"]
[BlackFideId "12400343"]
[WhiteElo "2435"]
[BlackElo "2360"]
[Result "0-1"]
[Round "03"]
[TimeControl "180+1"]
[Date "2022.03.02"]
[WhiteClock "0:00:01"]
[BlackClock "0:01:56"]

1. c4 e6 2. Nf3 d5 3. d4 Nf6 4. e3 Be7 5. Nc3 O-O 6. b3 Nbd7 7. Bb2 c5 8. cxd5 Nxd5 9. Nxd5 exd5 10. dxc5 Nxc5 11. Be2 Qa5+ 12. Qd2 Nxb3 13. axb3 Qb6 14. Qd4 Qg6 15. Ne5 Qh6 16. O-O Be6 17. Ng4 Qg6 18. Ne5 Qh6 19. Nf3 a6 20. Rad1 Rac8 21. Qf4 Qg6 22. Ne5 Qc2 23. Bd3 Qxb2 24. Nf3 Qf6 25. Qa4 Rc3 26. Nd4 Bd6 27. Be2 Qh4 28. g3 Qh6 29. Bf3 Rfc8 30. Rfe1 Qf6 31. Qa1 h6 32. Bg2 Be5 33. Rc1 Bxd4 34. exd4 Qxd4 35. Rcd1 Qf6 36. Bxd5 Bxd5 37. Rxd5 Rxb3 38. Qd1 Rb2 39. Rf1 Rcc2 40. f3 Qb6+ 0-1


[Site "https://www.chess.com"]

[Event "Titled Tuesday Blitz March 01 Late 2022"]
[White "Maltsevskaya, Aleksandra"]
[Black "Yordanov, Nikolay Plamenov"]
[WhiteFideId "24174041"]
[BlackFideId "2907445"]
[WhiteElo "2283"]
[BlackElo "2248"]
[Result "1-0"]
[Round "03"]
[TimeControl "180+1"]
[Date "2022.03.02"]
[WhiteClock "0:00:05"]
[BlackClock "0:00:01"]

1. Nf3 Nf6 2. c4 g6 3. e3 Bg7 4. Nc3 O-O 5. d4 d6 6. g3 b6 7. Bg2 Bb7 8. O-O Nbd7 9. a4 c5 10. a5 cxd4 11. exd4 Rb8 12. axb6 axb6 13. Re1 Re8 14. Ra7 Qc8 15. Qb3 Ra8 16. Rxa8 Bxa8 17. Bg5 h6 18. Bxf6 Bxf6 19. Nd5 Bxd5 20. cxd5 Qc7 21. Qb5 Rc8 22. h3 Kg7 23. h4 Nf8 24. Bh3 Ra8 25. Qc6 Qxc6 26. dxc6 e6 27. d5 Rc8 28. b4 b5 29. Nd2 Rc7 30. Ne4 Be5 31. dxe6 Nxe6 32. Bxe6 fxe6 33. Rc1 Kf7 34. f4 Bd4+ 35. Kg2 Ke7 36. Kf3 d5 37. Nd2 Kd6 38. Nb3 Bb6 39. g4 Rxc6 40. Rxc6+ Kxc6 41. Nc1 Kd6 42. Ne2 e5 43. f5 gxf5 44. gxf5 e4+ 45. Kf4 Bc7 46. Kg4 Ke5 47. Nf4 d4 48. Ng6+ Kf6 49. Nf8 Bd6 50. Nd7+ Kf7 51. Nb6 d3 52. Nd5 1-0


[Site "https://www.chess.com"]

[Event "Titled Tuesday Blitz March 01 Late 2022"]
[White "Mardov, Dimitar"]
[Black "Nilsen, Tobias Lang"]
[WhiteFideId "30919495"]
[BlackFideId "1521624"]
[WhiteElo "2185"]
[BlackElo "2013"]
[Result "1-0"]
[Round "03"]
[TimeControl "180+1"]
[Date "2022.03.02"]
[WhiteClock "0:00:16"]
[BlackClock "0:00:11"]

1. d4 f5 2. Nf3 Nf6 3. g3 g6 4. Bg2 Bg7 5. O-O O-O 6. c4 d6 7. d5 e5 8. dxe6 Bxe6 9. Nd4 Bc8 10. Nc3 c6 11. Bf4 Qe7 12. Rc1 Nh5 13. Nxc6 Nxc6 14. Bxd6 Qf7 15. Bxf8 Bxf8 16. Nd5 Be6 17. a3 a5 18. Qb3 Bc5 19. e3 Rb8 20. Rfd1 Nf6 21. Qc3 Ne8 22. b4 axb4 23. axb4 Bf8 24. b5 Ne7 25. Nb6 Bg7 26. Qb4 Nf6 27. Qd6 Re8 28. Bxb7 f4 29. Qxf4 Nf5 30. Bc6 Rf8 31. Nd5 Nh5 32. Qf3 Kh8 33. b6 Bc8 34. c5 Qe6 35. Nc7 Qe7 36. Qe4 Qg5 37. Qg2 Nxe3 38. fxe3 Qxe3+ 39. Kh1 Rf2 40. Nd5 Nxg3+ 41. Qxg3 Qe4+ 42. Kg1 Rf8 43. Re1 Bd4+ 44. Re3 Bxe3+ 45. Qxe3 Qg4+ 46. Qg3 Qd4+ 47. Ne3 Kg7 48. b7 Bxb7 49. Bxb7 Re8 50. Re1 Qxc5 51. Bg2 Re7 52. Qf2 Qe5 53. Nf5+ Qxf5 54. Rxe7+ Kf6 55. Qxf5+ gxf5 56. Rxh7 Kg5 57. Rh3 f4 58. Rf3 Kg4 59. Kf2 Kh4 60. Rxf4+ Kg5 61. Kg3 Kg6 62. h4 Kh6 63. Rg4 Kh7 64. Rg5 Kh6 65. Kg4 Kh7 66. Kf5 Kh6 67. Bf3 Kh7 68. Rg6 Kh8 69. Kf6 Kh7 70. Kf7 Kh8 71. Rh6# 1-0


[Site "https://www.chess.com"]

[Event "Titled Tuesday Blitz March 01 Late 2022"]
[White "Martin Duque, Jesus"]
[Black "Perez Torres, Nabi Isaias"]
[WhiteFideId "2208954"]
[BlackFideId "5120373"]
[WhiteElo "2243"]
[BlackElo "1755"]
[Result "0-1"]
[Round "03"]
[TimeControl "180+1"]
[Date "2022.03.02"]
[WhiteClock "0:00:06"]
[BlackClock "0:01:21"]

1. d4 Nf6 2. c4 g6 3. h4 h5 4. Nc3 d5 5. cxd5 Nxd5 6. e4 Nxc3 7. bxc3 Bg7 8. Bc4 O-O 9. Ne2 c5 10. Be3 Nc6 11. dxc5 Qc7 12. Nf4 Bxc3+ 13. Kf1 e6 14. g4 Ne5 15. Bb3 Nxg4 16. Bd2 Rd8 17. Nd5 exd5 18. Bxc3 dxe4 19. Qc1 e3 20. Qc2 Bf5 21. Qb2 Qf4 22. Be5 Bd3+ 0-1


[Site "https://www.chess.com"]

[Event "Titled Tuesday Blitz March 01 Late 2022"]
[White "Martinez Alcantara, Jose Eduardo"]
[Black "Maksimovic, Bojan"]
[WhiteFideId "3805662"]
[BlackFideId "14408120"]
[WhiteElo "2690"]
[BlackElo "2450"]
[Result "1-0"]
[Round "03"]
[TimeControl "180+1"]
[Date "2022.03.01"]
[WhiteClock "0:00:46"]
[BlackClock "0:00:06"]

1. e4 c5 2. Nf3 Nc6 3. c3 d5 4. exd5 Qxd5 5. Na3 Nf6 6. Be2 Bg4 7. Nc2 Qd7 8. d4 e6 9. Be3 Nd5 10. dxc5 Nxe3 11. Nxe3 Bxf3 12. Bxf3 Bxc5 13. Qxd7+ Kxd7 14. Nc4 f6 15. Ke2 Kc7 16. b4 Bd6 17. Rhd1 Rhd8 18. g3 Rab8 19. a4 Ne5 20. Nxd6 Rxd6 21. Rxd6 Kxd6 22. Be4 h6 23. Rd1+ Kc7 24. f4 Nc4 25. Rd4 Nd6 26. Bc2 a5 27. Bb3 b6 28. Rd3 Re8 29. Kf3 e5 30. fxe5 Rxe5 31. Re3 Kd7 32. Rxe5 fxe5 33. Ke3 Kc6 34. Be6 Kc7 35. Kd3 Kc6 36. Bg4 Kc7 37. Bf3 Kd7 38. Bd5 Kc7 39. Kc2 Kd7 40. Kb3 Kc7 41. c4 axb4 42. Kxb4 Nb7 43. Bxb7 Kxb7 44. c5 e4 45. cxb6 e3 46. Kc3 Kxb6 47. Kd3 Ka5 48. Kxe3 Kxa4 49. Kf4 Kb5 50. Kf5 Kc6 1-0


[Site "https://www.chess.com"]

[Event "Titled Tuesday Blitz March 01 Late 2022"]
[White "Maze, Sebastien"]
[Black "Jaskolka, Tomasz"]
[WhiteFideId "613762"]
[BlackFideId "1170791"]
[WhiteElo "2462"]
[BlackElo "2054"]
[Result "1-0"]
[Round "03"]
[TimeControl "180+1"]
[Date "2022.03.02"]
[WhiteClock "0:01:06"]
[BlackClock "0:00:01"]

1. e4 e6 2. d3 d5 3. Nd2 c5 4. Ngf3 Nc6 5. g3 g6 6. Bg2 Bg7 7. O-O Nge7 8. Re1 b6 9. h4 a5 10. e5 Ra7 11. Nf1 a4 12. N1h2 h5 13. Bf4 a3 14. b3 b5 15. Ng5 Qc7 16. c3 Bb7 17. d4 cxd4 18. cxd4 Qb6 19. Be3 Nf5 20. Rc1 Ba8 21. Bh3 Rc7 22. Bxf5 gxf5 23. Qd2 Bh6 24. Nhf3 Bb7 25. Nxf7 Rxf7 26. Bxh6 f4 27. Bxf4 Ne7 28. Rc5 Ng6 29. Ng5 Rxf4 30. gxf4 Nxh4 31. Rec1 Rg8 32. Kh1 Kd7 33. Qc2 Re8 34. Rc7+ Kd8 35. Nf7# 1-0


[Site "https://www.chess.com"]

[Event "Titled Tuesday Blitz March 01 Late 2022"]
[White "Mekhitarian, Krikor Sevag"]
[Black "Coelho, Ramyres Santana"]
[WhiteFideId "2107660"]
[BlackFideId "2120690"]
[WhiteElo "2598"]
[BlackElo "1888"]
[Result "1-0"]
[Round "03"]
[TimeControl "180+1"]
[Date "2022.03.02"]
[WhiteClock "0:01:45"]
[BlackClock "0:00:08"]

1. e4 c5 2. Nf3 d6 3. d4 cxd4 4. Nxd4 Nf6 5. Nc3 a6 6. a3 e6 7. g4 Be7 8. g5 Nfd7 9. h4 Qc7 10. h5 Nc6 11. Be3 b5 12. Nxc6 Qxc6 13. Bg2 Bb7 14. Qe2 Qc7 15. O-O-O Ne5 16. Kb1 Nc4 17. Bd4 e5 18. Be3 Nxa3+ 19. bxa3 Qxc3 20. Rd3 Qc7 21. Rhd1 Rc8 22. f4 exf4 23. Bxf4 O-O 24. h6 g6 25. Bxd6 Bxd6 26. Rxd6 Rfd8 27. e5 Bxg2 28. Qxg2 Qe7 29. Qd5 Rxd6 30. exd6 Qd7 31. Qe5 f5 32. Re1 Rf8 33. Qd5+ Qf7 34. Qd4 Rd8 35. Re7 Qf8 36. Rg7+ 1-0


[Site "https://www.chess.com"]

[Event "Titled Tuesday Blitz March 01 Late 2022"]
[White "Melkumyan, Hrant"]
[Black "Griffith, Kyron"]
[WhiteFideId "13302485"]
[BlackFideId "2046318"]
[WhiteElo "2604"]
[BlackElo "2232"]
[Result "1-0"]
[Round "03"]
[TimeControl "180+1"]
[Date "2022.03.02"]
[WhiteClock "0:01:42"]
[BlackClock "0:02:06"]

1. d4 d5 2. c4 e6 3. Nc3 Be7 4. Bf4 Nf6 5. e3 b6 6. Rc1 Bb7 7. cxd5 Nxd5 8. Bb5+ c6 9. Ba4 Nxf4 10. exf4 O-O 11. Nf3 c5 12. O-O Nc6 13. Bxc6 Bxc6 14. Ne5 Bb7 15. dxc5 Bxc5 16. Nd7 Re8 17. Nxc5 bxc5 18. Qxd8 Rexd8 19. Na4 Rd2 20. Rfd1 Rad8 21. Rxd2 Rxd2 22. Nxc5 Bd5 23. Nb3 1-0


[Site "https://www.chess.com"]

[Event "Titled Tuesday Blitz March 01 Late 2022"]
[White "Mickiewicz, Piotr"]
[Black "Karttunen, Mika"]
[WhiteFideId "1114891"]
[BlackFideId "502081"]
[WhiteElo "2266"]
[BlackElo "2343"]
[Result "0-1"]
[Round "03"]
[TimeControl "180+1"]
[Date "2022.03.02"]
[WhiteClock "0:00:22"]
[BlackClock "0:00:08"]

1. b3 e5 2. Bb2 d6 3. e3 f5 4. c4 Nf6 5. Nf3 g6 6. d4 e4 7. Nfd2 Bg7 8. Nc3 O-O 9. Qc2 c6 10. Be2 d5 11. h3 Be6 12. O-O-O Qd6 13. g4 f4 14. g5 Ne8 15. Bg4 Bxg4 16. hxg4 f3 17. Ndxe4 dxe4 18. Nxe4 Qe7 19. Rh3 Na6 20. a3 Rf7 21. Rdh1 Bh8 22. Nd2 Nd6 23. Qxg6+ Rg7 24. Rxh7 Rxg6 25. Rxe7 Rf8 26. c5 Ne8 27. Nxf3 Rg7 28. Rxh8+ Kxh8 29. d5 cxd5 30. g6 Nxc5 31. Kc2 Kg8 32. Bxg7 Rxf3 33. Bd4 Rxf2+ 34. Kd1 Nd6 35. Bxc5 Nb5 36. a4 Nc3+ 37. Ke1 Re2+ 38. Kf1 Rc2 39. Bd4 Kf8 40. Rc7 Rc1+ 41. Kf2 Ne4+ 42. Kf3 Rxc7 43. Kf4 Kg8 44. Kf5 b6 45. Ke6 Nc3 46. g5 Rc6+ 47. Kf5 a6 48. Bf6 b5 49. a5 b4 50. Bd4 Nb5 51. Bf6 Rc2 52. Ke5 Rc3 53. Kxd5 Rxb3 54. Kc4 Rb1 55. e4 Na3+ 56. Kd3 Rd1+ 57. Ke2 Rd6 58. e5 Re6 59. Kd3 Rc6 60. Kd4 b3 61. Kd5 b2 62. Kxc6 b1=Q 63. e6 Qb5+ 64. Kd6 Qb4+ 65. Kd7 Qb5+ 66. Kd6 Qb8+ 67. Kd7 Qb7+ 68. Kd6 Qc8 69. e7 Qe8 70. g7 Nb5+ 71. Kc5 Kf7 72. Kb6 Nd6 73. Kxa6 Qb8 74. g8=Q+ Qxg8 75. e8=Q+ Qxe8 76. Kb6 Qb5+ 77. Kc7 Ne8+ 78. Kd8 Qxa5+ 79. Kd7 Qc7# 0-1


[Site "https://www.chess.com"]

[Event "Titled Tuesday Blitz March 01 Late 2022"]
[White "Mogranzini, Roberto"]
[Black "Dourerassou, Jonathan"]
[WhiteFideId "810894"]
[BlackFideId "628050"]
[WhiteElo "2469"]
[BlackElo "2513"]
[Result "1/2-1/2"]
[Round "03"]
[TimeControl "180+1"]
[Date "2022.03.02"]
[WhiteClock "0:00:02"]
[BlackClock "0:00:09"]

1. e4 d6 2. d4 g6 3. Nc3 Bg7 4. Be3 c6 5. Qd2 b5 6. f3 Nf6 7. h4 Qa5 8. g4 b4 9. Nce2 h5 10. g5 Nfd7 11. a3 c5 12. Nc1 cxd4 13. Bxd4 Bxd4 14. Qxd4 bxa3+ 15. b4 Qe5 16. Qxe5 Nxe5 17. Rxa3 Nbc6 18. c3 O-O 19. Nd3 Be6 20. Nf4 Bc4 21. Bxc4 Nxc4 22. Ra6 N6e5 23. Nd5 e6 24. Nf6+ Kg7 25. f4 Nd3+ 26. Ke2 Nxf4+ 27. Kf3 Nd3 28. Ne2 Rfc8 29. Rha1 Rc7 30. Nd4 Nce5+ 31. Ke3 Rxc3 32. Nxe6+ fxe6 33. Rxa7+ Rxa7 34. Rxa7+ Kf8 35. Kd2 Rb3 36. Ra8+ Ke7 37. Re8+ Kf7 38. Rc8 Nxb4 39. Rc7+ Kf8 40. Rb7 Nc4+ 41. Ke2 Rb2+ 42. Kf1 Ne3+ 43. Kg1 Nd3 44. Rd7 Rb1+ 45. Kh2 Ng4+ 46. Nxg4 hxg4 47. Rxd6 Nf4 48. Kg3 e5 49. Kxg4 Rg1+ 50. Kf3 Ke7 51. Ra6 Rd1 52. Ra5 Ke6 53. Ra6+ Rd6 54. Ra5 Rb6 55. Kg4 Nd3 56. h5 gxh5+ 57. Kxh5 Nf2 58. g6 Nxe4 59. g7 Kf7 60. Rxe5 Nf6+ 61. Kg5 Nh7+ 62. Kh5 Kxg7 63. Re7+ Kg8 64. Ra7 Nf6+ 65. Kg5 Ne8 66. Re7 Kf8 67. Ra7 Nd6 68. Kh6 Nf7+ 69. Kh5 Kg7 70. Kg4 Kf6 71. Kf3 Rb4 72. Ke3 Ne5 73. Kd2 Rb3 74. Kc2 Rh3 75. Ra6+ Kf5 76. Ra5 Ke4 77. Ra4+ Kd5 78. Ra5+ Kd4 79. Ra4+ Nc4 80. Kd1 Kd3 81. Ke1 Rf3 82. Ra8 Rf6 83. Rd8+ Ke3 84. Re8+ Kd3 85. Rd8+ Ke4 86. Re8+ Ne5 87. Ra8 Rh6 88. Kf2 Rf6+ 89. Ke2 Nf3 90. Ra4+ Nd4+ 91. Ke1 Rf3 92. Ra8 Rh3 93. Kf2 Rh2+ 94. Kg3 Rh7 95. Re8+ Kd3 96. Rd8 Rg7+ 97. Kf2 Rf7+ 98. Kg3 Ke4 99. Re8+ Kd5 100. Rd8+ Ke5 101. Re8+ Ne6 102. Ra8 Ke4 103. Re8 Rg7+ 104. Kf2 Rg6 105. Kf1 Ke3 106. Re7 Kf3 107. Rf7+ Nf4 108. Ke1 Rd6 109. Rf8 Ke3 110. Re8+ Kf3 111. Rf8 Rd5 112. Rf7 Re5+ 1/2-1/2


[Site "https://www.chess.com"]

[Event "Titled Tuesday Blitz March 01 Late 2022"]
[White "Morales Flores, Monserrat"]
[Black "Okike, David"]
[WhiteFideId "3412016"]
[BlackFideId "8500134"]
[WhiteElo "2028"]
[BlackElo "2232"]
[Result "1-0"]
[Round "03"]
[TimeControl "180+1"]
[Date "2022.03.02"]
[WhiteClock "0:01:18"]
[BlackClock "0:01:32"]

1. e4 c5 2. Nf3 Nc6 3. d4 cxd4 4. Nxd4 Nf6 5. Nc3 d6 6. Bg5 a6 7. Nxc6 bxc6 8. Bc4 Qb6 9. Bb3 e6 10. Bxf6 gxf6 11. Qh5 h6 12. O-O-O Be7 13. Rhf1 a5 14. Na4 Qa7 15. f4 Qe3+ 16. Kb1 Qxe4 17. Nb6 Rb8 18. Nxc8 Rxc8 19. Rfe1 Qg6 20. Qxg6 fxg6 21. Rxe6 Kd7 22. Rde1 Rh7 23. R6e3 Ra8 24. Be6+ Kd8 25. f5 g5 26. Bg8 Rg7 27. Be6 a4 28. a3 Ra7 29. c4 Rb7 30. Rd3 Kc7 31. Red1 g4 32. g3 h5 33. Rd4 Ra7 34. Ka2 Rh7 35. R1d2 Rh8 36. Bf7 h4 37. Rxg4 hxg3 38. hxg3 Kb6 39. Rg7 Kc5 40. Be6 Rc7 41. g4 Rh3 42. g5 fxg5 43. f6 Re3 44. fxe7 Rxe6 45. e8=Q Kb6 46. Qxe6 1-0


[Site "https://www.chess.com"]

[Event "Titled Tuesday Blitz March 01 Late 2022"]
[White "Mortazavi, Ali"]
[Black "Jaracz, Pawel"]
[WhiteFideId "401323"]
[BlackFideId "1102222"]
[WhiteElo "2339"]
[BlackElo "2429"]
[Result "0-1"]
[Round "03"]
[TimeControl "180+1"]
[Date "2022.03.02"]
[WhiteClock "0:00:03"]
[BlackClock "0:00:24"]

1. Nf3 c5 2. g3 Nc6 3. Bg2 g6 4. O-O Bg7 5. d3 e5 6. c4 Nge7 7. Nc3 O-O 8. Ne1 d6 9. Nc2 h6 10. Rb1 Rb8 11. b4 b6 12. a3 Bb7 13. b5 Nd4 14. Bxb7 Rxb7 15. Ne3 Qd7 16. Ned5 Qh3 17. e3 Ne6 18. Qf3 Ng5 19. Qg2 Nxd5 20. Nxd5 Qd7 21. a4 f5 22. f4 Ne6 23. a5 Rbb8 24. Bd2 Kh7 25. Ra1 exf4 26. gxf4 Bxa1 27. Rxa1 Rf7 28. Bc3 Qd8 29. axb6 axb6 30. Kh1 g5 31. Rg1 g4 32. e4 h5 33. exf5 Rxf5 34. Qe4 Qf8 35. Qxe6 Re8 36. Nf6+ Rxf6 37. Qxf6 Qxf6 38. Bxf6 Re3 39. Rf1 Kg6 40. Bh4 Kf5 41. Bd8 Rxd3 42. Bxb6 h4 43. Bc7 g3 44. hxg3 hxg3 45. b6 Rb3 46. Rd1 Kg4 47. Rxd6 Kf3 48. Rd1 Ke2 49. Rg1 Kf2 50. Rg2+ Kf3 51. Rg1 Rb2 52. f5 Rh2# 0-1


[Site "https://www.chess.com"]

[Event "Titled Tuesday Blitz March 01 Late 2022"]
[White "Niemann, Hans Moke"]
[Black "Avila Pavas, Santiago"]
[WhiteFideId "2093596"]
[BlackFideId "4437128"]
[WhiteElo "2636"]
[BlackElo "2242"]
[Result "1-0"]
[Round "03"]
[TimeControl "180+1"]
[Date "2022.03.01"]
[WhiteClock "0:00:08"]
[BlackClock "0:00:02"]

1. d4 Nf6 2. Nc3 d5 3. Bf4 Bf5 4. e3 e6 5. Bd3 Bxd3 6. cxd3 Bd6 7. Qb3 b6 8. Bxd6 Qxd6 9. Nf3 O-O 10. O-O c6 11. Rac1 Nbd7 12. e4 e5 13. exd5 Nxd5 14. Ne4 Qg6 15. g3 Rfe8 16. Nxe5 Nxe5 17. dxe5 Rxe5 18. f4 Ree8 19. Rce1 Rad8 20. Qc4 h5 21. h4 b5 22. Qc5 Rxe4 23. Rxe4 Qxg3+ 24. Kh1 Qh3+ 25. Kg1 Qg3+ 26. Kh1 Qxh4+ 27. Kg2 Qg4+ 28. Kh2 Qh4+ 29. Kg2 Qg4+ 30. Kh2 Nf6 31. Re3 Qd7 32. Kg2 Qg4+ 33. Rg3 Qe2+ 34. Rf2 Qe6 35. Qg5 Qd5+ 36. Qxd5 Rxd5 37. Re2 Ng4 38. Re8+ Kh7 39. Re7 a5 40. Rxf7 Kg6 41. Re7 Rc5 42. Re2 Rd5 43. Rf3 Kf5 44. Kg3 Nf6 45. Rfe3 Kg6 46. Rc2 c5 47. Rd2 c4 48. d4 b4 49. Kf3 h4 50. Re5 Rd7 51. Rc5 Nd5 52. Rg2+ Kh7 53. Rxc4 Rf7 54. Rg4 g5 55. Rxg5 Nxf4 56. Kg4 h3 57. Rc2 Kh6 58. Rf5 Rxf5 59. Kxf5 Ng2 60. Rc8 Kg7 61. Rc1 1-0


[Site "https://www.chess.com"]

[Event "Titled Tuesday Blitz March 01 Late 2022"]
[White "Ohanyan, Emin"]
[Black "Dauner, Benedikt"]
[WhiteFideId "13312022"]
[BlackFideId "16225899"]
[WhiteElo "1809"]
[BlackElo "2230"]
[Result "0-1"]
[Round "03"]
[TimeControl "180+1"]
[Date "2022.03.02"]
[WhiteClock "0:00:02"]
[BlackClock "0:00:18"]

1. e4 g6 2. d4 Nf6 3. Nc3 d5 4. e5 Ne4 5. Nce2 f6 6. f3 Ng5 7. Bxg5 fxg5 8. Qd2 e6 9. f4 Be7 10. Nf3 g4 11. Nfg1 c5 12. dxc5 Bxc5 13. Nd4 Nc6 14. Nge2 Qb6 15. c3 Bd7 16. g3 O-O-O 17. Bg2 Kb8 18. b4 Bxd4 19. Nxd4 Nxd4 20. Qxd4 Bb5 21. Qxb6 axb6 22. a4 Bd3 23. a5 bxa5 24. Rxa5 Rc8 25. Kd2 Bf5 26. Rha1 Kc7 27. Bf1 h5 28. Rc5+ Kb6 29. Rb5+ Kc7 30. Ra7 Rb8 31. Rc5+ Kb6 32. Raa5 h4 33. c4 dxc4 34. Rxc4 hxg3 35. Rc3 Rbd8+ 36. Ke3 gxh2 37. Rb5+ Ka7 38. Bg2 Rd7 39. Bh1 Rhd8 40. Kf2 Rd2+ 41. Kg3 R2d3+ 42. Rxd3 Rxd3+ 43. Kxh2 g3+ 44. Kg2 Be4+ 45. Kf1 Bxh1 46. Ke2 Ra3 0-1


[Site "https://www.chess.com"]

[Event "Titled Tuesday Blitz March 01 Late 2022"]
[White "Oye-Stromberg, Alexander"]
[Black "Mirzoev, Azer"]
[WhiteFideId "1525999"]
[BlackFideId "13400304"]
[WhiteElo "1934"]
[BlackElo "2525"]
[Result "0-1"]
[Round "03"]
[TimeControl "180+1"]
[Date "2022.03.01"]
[WhiteClock "0:02:18"]
[BlackClock "0:02:05"]

1. e4 c5 2. Ne2 e6 3. Nbc3 a6 4. d4 cxd4 5. Nxd4 b5 6. g3 Bb7 7. Bg2 b4 8. Nce2 Nf6 9. f3 Nc6 10. O-O Bc5 11. Kh1 Qb6 12. Nb3 Be7 13. Qd3 a5 14. Be3 Qc7 15. f4 d6 16. Nbd4 Nxd4 17. Nxd4 O-O 18. Nb5 Qc6 19. Nd4 Qxe4 20. Bxe4 Bxe4+ 21. Kg1 Bxd3 22. cxd3 Rfc8 23. Rfc1 Nd5 24. Bd2 Bf6 25. Nb5 Bxb2 26. Rxc8+ Rxc8 27. Rb1 Rc2 28. Be1 h5 29. Bf2 Nc3 30. Re1 Nxb5 0-1


[Site "https://www.chess.com"]